 Dungeon Crawl Stone Soup version 0.25.0-26-g0c896c7088 (webtiles) character file.

Game seed: 14973672930668041459

43 funkygono the Shield-Bearer (level 3, -6/33 HPs)
             Began as a Minotaur Fighter on July 3, 2020.
             Mangled by an orc warrior
             ... wielding a cursed +0 dire flail
              (16 damage)
             ... on level 2 of the Dungeon.
             The game lasted 00:01:43 (789 turns).

funkygono the Shield-Bearer (Minotaur Fighter)       Turns: 789, Time: 00:01:44

Health: -6/33      AC:  7    Str: 21    XL:     3   Next: 37%
Magic:  2/2        EV:  7    Int:  5    God:
Gold:   69         SH:  9    Dex:  9    Spells: 2/2 levels left

rFire    . . .     SeeInvis .   a - +0 flail
rCold    . . .     Gourm    .   c - +0 kite shield
rNeg     . . .     Faith    .   b - +0 scale mail
rPois    .         Spirit   .   (helmet restricted)
rElec    .         Reflect  .   (no cloak)
rCorr    .         Harm     .   (no gloves)
MR       .....                  (no boots)
Stlth    ..........             (no amulet)
HPRegen  0.11/turn              (no ring)
MPRegen  0.08/turn              (no ring)

@: mighty
A: retaliatory headbutt, horns 2
a: no special abilities


You were on level 2 of the Dungeon.
You were not hungry.

You visited 1 branch of the dungeon, and saw 2 of its levels.

You collected 69 gold pieces.

Inventory:

Hand Weapons
 a - a +0 flail (weapon)
Missiles
 i - 23 bolts
Armour
 b - a +0 scale mail (worn)
 c - a +0 kite shield (worn)
Scrolls
 g - 2 scrolls of teleportation {unknown}
 j - a scroll of immolation {unknown}
Potions
 e - a potion of resistance {unknown}
 k - a potion of brilliance {unknown}
Comestibles
 f - 3 rations
 h - 5 chunks of flesh


   Skills:
 + Level 3.8 Fighting
 + Level 3.2 Maces & Flails
 + Level 4.2 Armour
 + Level 4.3 Shields


You had 2 spell levels left.
You didn't know any spells.
Your spell library was empty.

Dungeon Overview and Level Annotations

Branches:
Dungeon (2/15)

Altars:
Gozag
Qazlal


Innate Abilities, Weirdness & Mutations

You reflexively headbutt those who attack you in melee.
You have a pair of horns on your head.


Message History

Your shield and scale mail prevent you from hitting the orc.
The orc hits you with a +0 dagger.
* * * LOW HITPOINT WARNING * * *
You closely miss the orc. Your headbutt misses the orc.
The orc barely misses you. You furiously retaliate!
You headbutt the orc.
Your shield and scale mail prevent you from hitting the orc.
You headbutt the orc.
You kill the orc!
The orc warrior completely misses you.
Unknown command.
You feel very mighty all of a sudden.
The orc wizard casts a spell.
The orc wizard flickers and vanishes!
Deactivating autopickup; reactivate with Ctrl-A.
Some of the chunks of flesh in your inventory have rotted away.
You closely miss the orc warrior. Your headbutt misses the orc warrior.
The orc warrior is lightly wounded.
The orc warrior hits you but does no damage.
The orc warrior hits you with a cursed +0 dire flail!
You die...

####+###..##..#..##
#......<...÷.......
##..........####...#
#..........## ##%.
#......o..÷# .
##.o####.)## ##)#
##.# #o# #o........
#@## ##..........
#.># #.........
##.######.........
#......#.........
######.#.........
#....>......
##.####...#.
#........)_
####.....#.


You could see an orc warrior and an orc.

Vanquished Creatures
  An adder (D:2)
  2 dart slugs (D:1)
  A leopard gecko (D:2)
  An orc (D:2)
  A ball python (D:2)
  A bat (D:2)
  6 giant cockroaches
  3 hobgoblins
  4 frilled lizards
  6 kobolds
  A rat (D:2)
27 creatures vanquished.

Notes
Turn   | Place    | Note
-------+----------+-------------------------------------------
     0 | D:1      | funkygono the Minotaur Fighter began the quest for the Orb.
     0 | D:1      | Reached XP level 1. HP: 19/19 MP: 0/0
   311 | D:1      | Reached XP level 2. HP: 27/27 MP: 1/1
   364 | D:1      | You fall into a shaft and drop 1 floor!
   364 | D:2      | Found a stormy altar of Qazlal.
   435 | D:2      | Found an opulent altar of Gozag.
   566 | D:2      | Reached XP level 3. HP: 23/33 MP: 2/2
   768 | D:2      | Noticed an orc warrior
   789 | D:2      | Mangled by an orc warrior

Illustrated notes

Levels and vault maps discovered:
D:1:      dpeg_arrival_rooms_a, layout_basic, minmay_misc_feat_chi,
          minmay_tetromino_l2
D:2:      layout_rooms, lemuel_coloured_pillars_altar, lemuel_crystal_altar,
          okawaru_altar_gauntlet_db, first_ration, grunt_gozag_statues

Skill      XL: |  1  2 |
---------------+-------+-----
Shields        | 4 |  4.3
Armour         | 4 |  4.2
Maces & Flails | 3 |  3.2
Fighting       | |  3.8

Action                   || total
-------------------------++-------
Melee: Flail             ||    79
       Headbutt          ||     6
  Use: Potion            ||     1
Armor: Scale mail        ||    41
Dodge: Dodged            ||    28
Block: Kite shield       ||    49
